 Dungeon Crawl Stone Soup version 0.29.1-2-gbd0b4ee654 (webtiles) character file.

Game seed: 5951902645377853726

4960 cdecastro the Skirmisher (level 10, 0/76 HPs)
             Began as a Gnoll Arcane Marksman on Nov 16, 2022.
             Was a Believer of Okawaru.
             Slain by a gargoyle
             ... wielding a +0 mace
              (4 damage)
             ... on level 8 of the Dungeon.
             The game lasted 00:17:41 (9924 turns).

cdecastro the Skirmisher (Gnoll Arcane Marksman)    Turns: 9924, Time: 00:17:41

Health: 0/76       AC:  9    Str:  9    XL:     10   Next: 53%
Magic:  19/19      EV: 14    Int: 18    God:    Okawaru [**....]
Gold:   406        SH:  5    Dex: 12    Spells: 20/21 levels left

rFire   . . .      SeeInvis .   b - +10 whip of Red Wine {chaos, rCorr}
rCold   . . .      Faith    .   (no shield)
rNeg    . . .      Spirit   .   L - +2 robe {Will+}
rPois   +          Reflect  +   V - +0 helmet
rElec   .          Harm     .   (no cloak)
rCorr   +          Rampage  .   B - +0 pair of gloves
Will    +....                   e - +1 pair of boots
Stlth   +++.......              U - amulet of reflection
HPRegen 0.22/turn               d - ring of poison resistance
MPRegen 0.16/turn               z - +4 ring of slaying

@: studying Ranged Weapons
A: fangs 1, strong nose, distributed training
a: Renounce Religion, Heroism


You were on level 8 of the Dungeon.
You worshipped Okawaru.
Okawaru was pleased with you.
You visited 2 branches of the dungeon, and saw 9 of its levels.
You also visited: Sewer.

You collected 406 gold pieces.

Inventory:

Hand Weapons
 a - a +2 sling of venom
 b - the +10 whip of Red Wine (weapon) {chaos, rCorr}
   (You found it on level 2 of the Dungeon)

   Each time it hits an enemy it has a different, random effect.
   rCorr:     It protects you from acid and corrosion.
 x - a +2 dagger of venom
 M - a +1 scimitar of flaming
Missiles
 g - 3 throwing nets
 m - 7 boomerangs
 y - 19 poisoned darts
 O - 8 curare-tipped darts
Armour
 e - a +1 pair of boots (worn)
 B - a +0 pair of gloves (worn)
 L - a +2 robe of willpower (worn)
 N - +2 swamp dragon scales
 T - a +2 robe of positive energy
 V - a +0 helmet (worn)
Jewellery
 d - a ring of poison resistance (left hand)
 z - a +4 ring of slaying (right hand)
 P - a ring of positive energy
 S - a ring of protection from cold
 U - an amulet of reflection (around neck)
 X - a ring of positive energy
Wands
 C - a wand of digging (5)
 F - a wand of polymorph (8)
 Q - a wand of mindburst (18)
 R - a wand of iceblast (21)
Scrolls
 c - a scroll of acquirement {unknown}
 h - a scroll of vulnerability
 p - a scroll of torment {unknown}
 r - 3 scrolls of poison
 t - 2 scrolls of magic mapping
 v - 3 scrolls of fog
 w - a scroll of brand weapon
 E - 4 scrolls of identify
 G - 4 scrolls of enchant armour
 H - a scroll of amnesia
 I - 2 scrolls of immolation {unknown}
Potions
 f - 3 potions of might
 i - 6 potions of brilliance
 j - 2 potions of mutation
 k - 2 potions of invisibility {unknown}
 l - a potion of ambrosia {unknown}
 n - 2 potions of heal wounds {unknown}
 o - 5 potions of curing {unknown}
 q - 2 potions of berserk rage {unknown}
 s - 2 potions of haste {unknown}
 u - a potion of magic {unknown}
 A - a potion of lignification {unknown}
 D - a potion of flight {unknown}
 J - a potion of degeneration {unknown}
 K - a potion of attraction {unknown}
 W - 2 potions of cancellation {unknown}


   Skills:
 + Level 6.2 Fighting
 + Level 5.5 Short Blades
 + Level 5.5 Long Blades
 + Level 5.5 Axes
 + Level 5.5 Maces & Flails
 + Level 5.5 Polearms
 + Level 5.5 Staves
 + Level 8.9 Ranged Weapons
 + Level 5.5 Throwing
 + Level 5.5 Armour
 + Level 7.3 Dodging
 + Level 5.5 Stealth
 + Level 5.5 Shields
 + Level 5.5 Unarmed Combat
 + Level 6.3 Spellcasting
 + Level 4.6 Conjurations
 + Level 7.2 Hexes
 + Level 4.6 Summonings
 + Level 4.6 Necromancy
 + Level 4.6 Translocations
 + Level 4.6 Transmutations
 + Level 4.6 Fire Magic
 + Level 4.6 Ice Magic
 + Level 4.6 Air Magic
 + Level 4.6 Earth Magic
 + Level 4.6 Poison Magic
 + Level 6.1 Invocations
 + Level 5.5 Evocations


You had 20 spell levels left.
You knew the following spells:

 Your Spells              Type           Power      Damage    Failure   Level
a - Slow                  Hex            100%       N/A       1%          1

Your spell library contained the following spells:

 Spells                   Type           Power      Damage    Failure   Level
 Static Discharge         Conj/Air       22%        3-6/arc   2%          2
 Inner Flame              Hex/Fire       27%        N/A       3%          3
 Portal Projectile        Hex/Tloc       54%        N/A       3%          3
 Cause Fear               Hex            15%        N/A       6%          4
 Leda's Liquefaction      Hex/Erth       13%        N/A       10%         4
 Airstrike                Air            11%        2d(2-18)  17%         4
 Dispel Undead            Necr           22%        3d12      17%         4
 Sticky Flame             Conj/Fire      22%        2d4       17%         4
 Lightning Bolt           Conj/Air       11%        1d24      43%         5
 Call Canine Familiar     Summ           Unusable   N/A       N/A         3
 Summon Lightning Spire   Summ/Air       Unusable   N/A       N/A         4

Dungeon Overview and Level Annotations

Branches:
Dungeon (8/15)             Temple (1/1) D:6           Sewer (visited)
   Lair: D:8-11

Altars:
Cheibriados
Dithmenos
Fedhas
Gozag
Hepliaklqana
Kikubaaqudgha
Makhleb
Okawaru
Qazlal
Ru
Sif Muna
Trog
Uskayaw
Wu Jian
Xom
Yredelemnul
Zin
The Shining One

Shops:
D:7 (

Annotations:
D:3 Sigmund
D:8 Erica


Innate Abilities, Weirdness & Mutations

You have very sharp teeth.
Your uncanny sense of smell can sniff out nearby items.
Your experience applies equally to all skills.


Message History

The killer bee misses you.
You completely miss the killer bee. You punch the killer bee.
Your bite misses the killer bee.
The killer bee is moderately wounded.
The killer bee barely misses you. The killer bee misses you.
You whack the killer bee! You freeze the killer bee.
The killer bee is almost dead.
The killer bee stings you but does no damage.
You hit the killer bee.
You kill the killer bee!
Okawaru accepts your kill.
You barely miss the gargoyle.
The gargoyle is moderately damaged.
The gargoyle hurls a stone arrow at you.
The stone arrow hits you!
You completely miss the gargoyle.
You bite the gargoyle, but do no damage.
The gargoyle is moderately damaged.
You hit the gargoyle but do no damage.
The gargoyle is moderately damaged.
The gargoyle hurls a stone arrow at you.
The stone arrow hits you!
* * * LOW HITPOINT WARNING * * *
You hit the gargoyle but do no damage. Your bite misses the gargoyle.
The gargoyle is moderately damaged.
The gargoyle hits you with a +0 mace!
* * * LOW HITPOINT WARNING * * *
You whack the gargoyle! You burn the gargoyle.
The gargoyle is almost destroyed.
The gargoyle hurls a stone arrow at you.
The stone arrow misses you.
You hit the gargoyle but do no damage.
The gargoyle seems to speed up.
The gargoyle is almost destroyed.
The gargoyle hurls a stone arrow at you.
The stone arrow hits you!!
* * * LOW HITPOINT WARNING * * *
You hit the gargoyle.
The gargoyle appears confused.
The gargoyle is almost destroyed.
The gargoyle hits you with a +0 mace.
You die...

..#...# ........8.#.......#
.##...# ...8.)....#.......#
.##...# .....:...#.......#
><#...#####..!)$..#+###...#
.## ......+...".......#).[#
### .....#......8....#...#
..# ....#.8......9..#...#
..#####...#∆ #9#######...#
......#...# #.@.........#
......#...# #...........#
......#...# #...........#
......#...#####...######'##
......#)..........# ####.#
......'...........# #....#
......#...........# #.####
......############# #.#
...#.## #.### #.#


You could see a gargoyle (fast, confused).

Vanquished Creatures
  A two-headed ogre (D:6)
  Maggie (D:7)
  Prince Ribbit (D:7)
  A wyvern (D:8)
  2 steam dragons
  Duvessa (D:7)
  A water moccasin (Sewer)
  An ice beast (D:7)
  A sky beast (D:8)
  An orc warrior (D:6)
  3 black bears
  3 ogres
  3 centaurs
  2 phantoms
  Blork the orc (D:6)
  2 kobold brigands
  4 bullfrogs
  A necrophage (D:7)
  4 wights (D:8)
  Dowan (D:7)
  9 killer bees
  3 jellies
  An orc priest (D:7)
  2 hounds
  2 gnoll boudas (D:7)
  6 orc wizards
  4 iguanas
  19 gnolls
  10 adders
  A shadow imp (D:6)
  A white imp (D:5)
  4 worms
  4 dart slugs
  14 orcs
  6 endoplasms
  3 giant cockroaches
  10 goblins
  11 hobgoblins
  4 jackals
  10 quokkas
  7 ball pythons
  10 bats
  6 frilled lizards
  10 kobolds
  7 rats
199 creatures vanquished.

Notes
Turn   | Place    | Note
-------+----------+-------------------------------------------
     0 | D:1      | cdecastro the Gnoll Arcane Marksman began the quest for the
                  | Orb.
     0 | D:1      | Reached XP level 1. HP: 17/17 MP: 4/4
    77 | D:1      | Reached XP level 2. HP: 23/23 MP: 5/5
   331 | D:1      | Reached XP level 3. HP: 28/28 MP: 7/7
   616 | D:1      | Reached skill level 1 in Invocations
  1221 | D:2      | Reached skill level 1 in Short Blades
  1221 | D:2      | Reached skill level 1 in Long Blades
  1221 | D:2      | Reached skill level 1 in Axes
  1221 | D:2      | Reached skill level 1 in Maces & Flails
  1221 | D:2      | Reached skill level 1 in Polearms
  1221 | D:2      | Reached skill level 1 in Staves
  1221 | D:2      | Reached skill level 1 in Throwing
  1221 | D:2      | Reached skill level 1 in Armour
  1221 | D:2      | Reached skill level 1 in Stealth
  1221 | D:2      | Reached skill level 1 in Shields
  1221 | D:2      | Reached skill level 1 in Unarmed Combat
  1221 | D:2      | Reached skill level 1 in Evocations
  1365 | D:2      | Reached XP level 4. HP: 18/34 MP: 8/8
  1643 | D:2      | Identified the +10 whip of Red Wine {chaos, rCorr}
  2014 | D:2      | Reached skill level 1 in Conjurations
  2014 | D:2      | Reached skill level 1 in Summonings
  2014 | D:2      | Reached skill level 1 in Necromancy
  2014 | D:2      | Reached skill level 1 in Translocations
  2014 | D:2      | Reached skill level 1 in Transmutations
  2014 | D:2      | Reached skill level 1 in Fire Magic
  2014 | D:2      | Reached skill level 1 in Ice Magic
  2014 | D:2      | Reached skill level 1 in Air Magic
  2014 | D:2      | Reached skill level 1 in Earth Magic
  2014 | D:2      | Reached skill level 1 in Poison Magic
  2444 | D:3      | Reached XP level 5. HP: 31/40 MP: 9/9
  2661 | D:3      | Found a glowing drain.
  2667 | Sewer    | Entered a sewer
  2731 | Sewer    | Noticed a water moccasin
  2744 | Sewer    | Killed a water moccasin
  2745 | Sewer    | Reached XP level 6. HP: 14/47 MP: 6/11
  3094 | D:3      | Reached skill level 5 in Ranged Weapons
  3094 | D:3      | Reached skill level 5 in Dodging
  3477 | D:3      | Noticed Sigmund
  3866 | D:4      | Noticed a black bear
  3879 | D:4      | Killed a black bear
  4009 | D:4      | Reached XP level 7. HP: 52/52 MP: 12/12
  4189 | D:4      | You fall into a shaft and drop 1 floor!
  4189 | D:5      | Entered Level 5 of the Dungeon
  4460 | D:4      | HP: 2/53 [orc wizard/+0 dagger (2)]
  4827 | D:5      | Reached XP level 8. HP: 48/60 MP: 14/14
  5475 | D:6      | Reached skill level 6 in Ranged Weapons
  5575 | D:6      | Found an opulent altar of Gozag.
  5583 | D:6      | Found a burning altar of Makhleb.
  5587 | D:6      | Found a glowing golden altar of the Shining One.
  5587 | D:6      | Found a bloodstained altar of Trog.
  5587 | D:6      | Found a shimmering blue altar of Sif Muna.
  5589 | D:6      | Found a shimmering altar of Xom.
  5593 | D:6      | Found a stormy altar of Qazlal.
  5691 | D:6      | Noticed a two-headed ogre
  5706 | D:6      | Killed a two-headed ogre
  5707 | D:6      | Reached skill level 7 in Ranged Weapons
  5707 | D:6      | Reached skill level 5 in Spellcasting
  5707 | D:6      | Reached XP level 9. HP: 33/67 MP: 14/16
  6031 | D:6      | Noticed Blork the orc
  6039 | D:6      | Killed Blork the orc
  6049 | D:6      | Reached skill level 5 in Fighting
  6655 | D:6      | Found a staircase to the Ecumenical Temple.
  6936 | Temple   | Entered the Ecumenical Temple
  7024 | Temple   | Became a worshipper of Warmaster Okawaru
  7436 | D:7      | Noticed Maggie
  7453 | D:7      | Killed Maggie
  7454 | D:7      | Reached skill level 5 in Invocations
  7717 | D:7      | Noticed Prince Ribbit
  7738 | D:7      | Killed Prince Ribbit
  7738 | D:7      | Reached * piety under Okawaru
  7942 | D:7      | Reached skill level 8 in Ranged Weapons
  8224 | D:7      | Reached skill level 5 in Short Blades
  8224 | D:7      | Reached skill level 5 in Long Blades
  8224 | D:7      | Reached skill level 5 in Axes
  8224 | D:7      | Reached skill level 5 in Maces & Flails
  8224 | D:7      | Reached skill level 5 in Polearms
  8224 | D:7      | Reached skill level 5 in Staves
  8224 | D:7      | Reached skill level 5 in Throwing
  8224 | D:7      | Reached skill level 5 in Armour
  8224 | D:7      | Reached skill level 5 in Stealth
  8224 | D:7      | Reached skill level 5 in Shields
  8224 | D:7      | Reached skill level 5 in Unarmed Combat
  8224 | D:7      | Reached skill level 5 in Evocations
  8236 | D:7      | Reached XP level 10. HP: 65/76 MP: 18/18
  8506 | D:7      | Found a hazy altar of Hepliaklqana.
  8538 | D:7      | Noticed Dowan
  8628 | D:7      | Noticed Duvessa
  8644 | D:7      | Killed Duvessa
  8659 | D:7      | Killed Dowan
  8951 | D:7      | Reached ** piety under Okawaru
  8959 | D:7      | Found Muetopn's Weapon Shop.
  9598 | D:8      | Noticed Erica
  9660 | D:8      | Found a snail-covered altar of Cheibriados.
  9907 | D:8      | Noticed a gargoyle
  9924 | D:8      | Slain by a gargoyle

Illustrated notes

Levels and vault maps discovered:
D:1:      wheals_arrival_linesprint, layout_basic
D:2:      layout_loops_ring
D:3:      layout_loops_ring, gup_sewer_entry_bubbles, grunt_ministairs_14,
          uniq_sigmund
D:4:      layout_cave_pools
D:5:      layout_basic, chequers_serial_rivers_micro_d
D:6:      layout_loops_ring, minitemple, minmay_temple_entry_nine_rooms,
          chequers_serial_rivers_large_a, uniq_blork_the_orc
D:7:      layout_rooms, mainiacjoe_overflow_24_doors, serial_shops,
          nicolae_diamond_shop, uniq_maggie, uniq_prince_ribbit1, uniq_duvessa
D:8:      kennysheep_blocky_room, layout_rooms, kennysheep_mini_moat,
          old_standard_altar, kennysheep_slug_shrine, uniq_erica
Temple:   dpeg_three_leaves_temple

Skill      XL: |  1  2  3  4  5  6  7  8  9 10 |
---------------+-------------------------------+-----
Invocations    | 1 2 3 4 5 6 |  6.1
Short Blades   | 1 2 3 4 5 |  5.5
Long Blades    | 1 2 3 4 5 |  5.5
Axes           | 1 2 3 4 5 |  5.5
Maces & Flails | 1 2 3 4 5 |  5.5
Polearms       | 1 2 3 4 5 |  5.5
Staves         | 1 2 3 4 5 |  5.5
Throwing       | 1 2 3 4 5 |  5.5
Armour         | 1 2 3 4 5 |  5.5
Stealth        | 1 2 3 4 5 |  5.5
Shields        | 1 2 3 4 5 |  5.5
Unarmed Combat | 1 2 3 4 5 |  5.5
Evocations     | 1 2 3 4 5 |  5.5
Spellcasting   | 3 4 5 6 |  6.3
Conjurations   | 1 2 3 4 |  4.6
Summonings     | 1 2 3 4 |  4.6
Necromancy     | 1 2 3 4 |  4.6
Translocations | 1 2 3 4 |  4.6
Transmutations | 1 2 3 4 |  4.6
Fire Magic     | 1 2 3 4 |  4.6
Ice Magic      | 1 2 3 4 |  4.6
Air Magic      | 1 2 3 4 |  4.6
Earth Magic    | 1 2 3 4 |  4.6
Poison Magic   | 1 2 3 4 |  4.6
Fighting       | 3 4 5 6 |  6.2
Ranged Weapons | 5 7 8 |  8.9
Dodging        | 5 6 7 |  7.3
Hexes          | 6 7 |  7.2

Action                   |  1- 3 |  4- 6 |  7- 9 | 10-12 || total
-------------------------+-------+-------+-------+-------++-------
Melee: Dagger            |    10 |    54 |       |       ||    64
       Bite              |     2 |     9 |    14 |     5 ||    30
       Whip              |       |    75 |   137 |    65 ||   277
       Punch             |       |     3 |     3 |     6 ||    12
 Fire: Sling             |   107 |    18 |   155 |    65 ||   345
 Cast: Slow              |     4 |     2 |       |       ||     6
  Use: Scroll            |       |    12 |       |       ||    12
 Stab: Sleeping          |       |     4 |     1 |       ||     5
       Paralysed         |       |       |       |     1 ||     1
Armor: Robe              |     5 |    21 |    23 |    15 ||    64
Dodge: Dodged            |    37 |    78 |   112 |    41 ||   268
Block: Other             |       |       |       |     8 ||     8
